 Dungeon Crawl Stone Soup version 0.16.2-12-gd0ad4c3 (webtiles) character file.

53 Charly the Chopper (level 3, -11/33 HPs)
             Began as a Minotaur Berserker on Aug 31, 2016.
             Was a Follower of Trog.
             Mangled by Pikel
             ... wielding a +2 whip of electrocution
              (19 damage)
             ... on level 5 of the Dungeon.
             The game lasted 00:06:28 (327 turns).

Charly the Chopper (Minotaur Berserker)              Turns: 327, Time: 00:06:29

Health: -11/33     AC:  4    Str: 21    XL:     3   Next: 62%
Magic:  2/2        EV: 12    Int:  4    God:    Trog [*.....]
Gold:   0          SH:  0    Dex: 10    Spells: 0 memorised, 2 levels left

rFire  . . .     SeeInvis .     a - +0 hand axe
rCold  . . .     Clarity  .     b - +0 animal skin
rNeg   . . .     SustAb   .     (no shield)
rPois  .         Gourm    .     (helmet restricted)
rElec  .         Spirit   .     i - +1 cloak
rCorr  .         Warding  .     (no gloves)
rMut   .         Stasis   .     (no boots)
MR     .....                    (no amulet)
Stlth  +.........               (no ring)
                                (no ring)

@: exhausted, slowed, very slow, not resistant to hostile enchantments, very
unstealthy
A: retaliatory headbutt, horns 2
a: Burn Spellbooks, Berserk, Renounce Religion


You were on level 5 of the Dungeon.
You worshipped Trog.
Trog was aware of your devotion.
You were very hungry.

You visited 1 branch of the dungeon, and saw 6 of its levels.

Inventory:

Hand weapons
 a - a +0 hand axe (weapon)
Armour
 b - a +0 animal skin (worn)
 i - a +1 cloak (worn)
Scrolls
 e - 2 scrolls of identify
 k - a scroll of amnesia {unknown}
 l - a scroll of torment {unknown}
Potions
 g - a potion of curing
Comestibles
 c - 4 bread rations


   Skills:
 + Level 4.2 Fighting
 + Level 4.4 Axes
 + Level 2.8 Armour
 + Level 2.9 Dodging


You had 2 spell levels left.
You didn't know any spells.

Dungeon Overview and Level Annotations

Branches:
Dungeon (6/15)
 Temple: D:4-7

Altars:

Annotations:
D:5 Pikel


Innate Abilities, Weirdness & Mutations

You reflexively headbutt those who attack you in melee.
You have a pair of horns on your head.


Message History

Pikel hits you but does no damage.
You are electrocuted!
Read which item? (? for menu, Esc to quit)
As you read the scroll labeled GIAGIA DEPRE, it crumbles to dust.
It is a scroll of recharging.
You aren't carrying any rechargeable items.
Pikel misses you. Pikel barely misses you.
Read which item? (? for menu, Esc to quit)
As you read the scroll labeled BYSUNI SODWES, it crumbles to dust.
It is a scroll of enchant armour.
Enchant which item? (? for menu, Esc to quit)
Your +0 cloak glows green for a moment.
Pikel barely misses you.
Read which item? (? for menu, Esc to quit)
As you read the scroll labeled KLIASO KLYACI, it crumbles to dust.
You feel blessed for a moment.
It was a scroll of remove curse.
Pikel hits you with a whip of electrocution.
Pikel hits you with a whip of electrocution!
* * * LOW HITPOINT WARNING * * *
You are electrocuted!
Ouch! That really hurt!
You die...

# .# ###.##....
#@[.......
#K#.##.... #.#.#
#.#.# ##.#.#
#....#
#......<#..####.##
.###...#..p.....#
...#####.###..#


You could see Pikel.

Vanquished Creatures
  4 slaves (D:5)
  Jessica (D:3)
  A gnoll (D:1)
  A worm (D:3)
  An adder skeleton (D:4)
  3 bats
  A hobgoblin (D:5)
  2 jackals (D:2)
  2 giant cockroaches
  A kobold (D:3)
  A quokka skeleton (D:5)
  5 rats
23 creatures vanquished.

Notes
Turn   | Place    | Note
--------------------------------------------------------------
     0 | D:1      | Charly, the Minotaur Berserker, began the quest for the Orb.
     0 | D:1      | Reached XP level 1. HP: 19/19 MP: 1/1
    23 | D:1      | Reached XP level 2. HP: 27/27 MP: 1/1
    44 | D:2      | Reached skill level 4 in Axes
   108 | D:3      | Noticed Jessica
   112 | D:3      | Killed Jessica
   112 | D:3      | Reached XP level 3. HP: 28/33 MP: 2/2
   190 | D:3      | 1
   219 | D:5      | Entered Level 5 of the Dungeon
   224 | D:6      | Noticed a wyvern
   283 | D:5      | Noticed a slave
   284 | D:5      | Noticed Pikel
   284 | D:5      | Noticed a slave
   284 | D:5      | Noticed a slave
   286 | D:5      | Noticed a slave
   312 | D:5      | Killed a slave
   315 | D:5      | Killed a slave
   321 | D:5      | Killed a slave
   322 | D:5      | Killed a slave
   327 | D:5      | Mangled by Pikel

Action                   || total
-------------------------++-------
Melee: Hand axe          ||    42
Invok: Berserk           ||     3
  Use: Scroll            ||     5
       Potion            ||     2
